 Dungeon Crawl Stone Soup version 0.23.2-1-ga50397a (webtiles) character file.

Game seed: 4708307929754880374

80 xveg the Sneak (level 4, 0/23 HPs)
             Began as a Spriggan Assassin on May 7, 2019.
             Slain by a goblin (6 damage)
             ... led by Robin
             ... on level 2 of the Dungeon.
             The game lasted 00:05:40 (1425 turns).

xveg the Sneak (Spriggan Assassin)                  Turns: 1425, Time: 00:05:41

Health: 0/23       AC:  3    Str:  7    XL:     4   Next: 18%
Magic:  5/5        EV: 18    Int: 12    God:
Gold:   40         SH:  0    Dex: 18    Spells: 3/3 levels left

rFire    . . .     SeeInvis +   a - +4 dagger
rCold    . . .     Gourm    .   (shield restricted)
rNeg     . . .     Faith    .   c - +0 robe
rPois    .         Spirit   .   (helmet restricted)
rElec    .         Reflect  .   d - +0 cloak
rCorr    .         Harm     .   (gloves unavailable)
MR       .....                  (boots unavailable)
Stlth    ++++......             (no amulet)
HPRegen  0.07/turn              h - ring of wizardry
MPRegen  0.09/turn              (no ring)

@: very quick
A: very small, unfitting armour, see invisible, herbivore, speed 3, slow
metabolism 2
a: no special abilities


You were on level 2 of the Dungeon.
You were not hungry.

You visited 1 branch of the dungeon, and saw 2 of its levels.

You collected 40 gold pieces.

Inventory:

Hand Weapons
 a - a +4 dagger (weapon)
 b - a +0 blowgun
Missiles
 e - 7 poisoned needles
 f - 2 curare-tipped needles
Armour
 c - a +0 robe (worn)
 d - a +0 cloak (worn)
Jewellery
 h - a ring of wizardry (left hand)
Scrolls
 m - 3 scrolls of teleportation
 n - a scroll of identify {unknown}
Potions
 i - a potion of degeneration {unknown}
 j - a potion of mutation {unknown}
 k - a potion of curing {unknown}
 l - a potion of haste {unknown}
 o - a potion of magic {unknown}
Comestibles
 g - 2 rations


   Skills:
 + Level 1.9 Fighting
 * Level 3.2 Short Blades
 + Level 2.0 Throwing
 * Level 2.8 Dodging
 * Level 7.1 Stealth


You had 3 spell levels left.
You didn't know any spells.
Your spell library was empty.

Dungeon Overview and Level Annotations

Branches:
Dungeon (2/15)

Altars:

Annotations:
D:2 Jessica


Innate Abilities, Weirdness & Mutations

You are very small and have problems with some larger weapons.
You are too small for most types of armour.
You have supernaturally acute eyesight. (SInv)
You are a herbivore.
You cover ground extremely quickly.
You need to consume almost no food.


Message History

The goblin completely misses you.
You hit the goblin but do no damage. The goblin misses you.
The goblin closely misses you.
You closely miss the goblin. The goblin closely misses you.
The goblin barely misses you.
You closely miss the goblin. The goblin completely misses you.
You closely miss the goblin. The goblin hits you but does no damage.
You miss the goblin. The goblin completely misses you. The goblin misses you.
You hit the goblin.
The goblin is almost dead.
The goblin hits you with a +0 dagger. The goblin hits you.
You hit the goblin but do no damage.
The goblin is almost dead.
The goblin completely misses you. The goblin hits you but does no damage.
You hit the goblin but do no damage.
The goblin is almost dead.
The goblin hits you with a +0 dagger.
* * * LOW HITPOINT WARNING * * *
The goblin hits you.
You die...

##..##.# #.....#.#
....##.# #####.#.#
######.# #.#.# #.#
#.#.# ######.# #.#.#
†....#.#########.#.#
####.#.............#
###########g### #@#
#g# #g# #g# #.# #.#
#(# .########.#
.@....)...#


You could see a hobgoblin and 3 goblins.

Vanquished Creatures
  Robin (D:2)
  A gnoll (D:1)
  2 adders (D:2)
  A leopard gecko (D:2)
  5 orcs (D:2)
  A giant cockroach (D:1)
  4 goblins
  4 hobgoblins
  3 bats
  6 frilled lizards
  4 kobolds
  8 rats
40 creatures vanquished.

Notes
Turn   | Place    | Note
-------+----------+-------------------------------------------
     0 | D:1      | xveg the Spriggan Assassin began the quest for the Orb.
     0 | D:1      | Reached XP level 1. HP: 10/10 MP: 2/2
   109 | D:1      | Reached skill level 6 in Stealth
   246 | D:1      | Reached XP level 2. HP: 10/15 MP: 3/3
   701 | D:2      | Reached XP level 3. HP: 15/18 MP: 4/4
  1055 | D:2      | Reached skill level 7 in Stealth
  1247 | D:2      | Noticed Jessica
  1248 | D:2      | Reached XP level 4. HP: 13/23 MP: 5/5
  1400 | D:2      | Noticed Robin
  1417 | D:2      | Killed Robin
  1425 | D:2      | Slain by a goblin

Skill      XL: |  1  2  3 |
---------------+----------+-----
Stealth        | 6 7 |  7.1
Dodging        | 2 |  2.8
Short Blades   | 3 |  3.2
Fighting       | |  1.9
Throwing       | |  2.0

Action                   |  1- 3 |  4- 6 || total
-------------------------+-------+-------++-------
Melee: Dagger            |   107 |    23 ||   130
 Fire: Blowgun           |       |     1 ||     1
  Use: Scroll            |     5 |       ||     5
 Stab: Sleeping          |     4 |       ||     4
Armor: Robe              |    14 |     4 ||    18
Dodge: Dodged            |    81 |    14 ||    95
